Cogmind - Beta 13 @@@ ROGUE MODE // 2024.04.13 @ 13:46:30 Player: Aleks Result: Destroyed by YG-S8E(R) with Subdweller Machine Gun Performance ------------- Evolutions (0) 0 Regions Visited (2) 400 Robots Destroyed (18) 90 Value Destroyed (443) 443 Prototype IDs (2) 40 Alien Tech Used (0) 0 Bonus (0) 0 TOTAL SCORE: 973 Bonus ------- None Cogmind --------- Core Integrity 0/250 Matter 300/300 Energy 88/100 System Corruption 0% Temperature Cool (0) Movement Treading (160) Location -10/Subcaves Parts ------- > --- POWER (1) -------- (None) > --- PROPULSION (2) --- Light Treads > --- UTILITY (2) ------ Improved Targeting Computer > --- WEAPON (2) ------- (None) > --- INVENTORY (5) ---- Ion Engine Ion Engine Armored Wheel Improved Targeting Computer Improved Targeting Computer Peak State ------------ > --- POWER ------------ Ion Engine > --- PROPULSION ------- Armored Wheel Armored Wheel > --- UTILITY ---------- Large Storage Unit Improved Targeting Computer > --- WEAPON ----------- Medium Laser Light Assault Rifle > --- INVENTORY -------- Ion Engine Ion Engine Light Treads Light Treads Armored Wheel Armored Wheel Structural Scanner Improved Targeting Computer Improved Targeting Computer Hacking Suite Medium Laser Small Laser Beam Cannon Light Assault Rifle [Rating: 12] Favorites ----------- Power Ion Engine Engine Ion Engine Propulsion Armored Wheel Treads Light Treads Wheel Armored Wheel Utility Improved Targeting Computer Storage Large Storage Unit Processor Improved Targeting Computer Weapon Medium Laser Energy Gun Medium Laser Energy Cannon Beam Cannon Ballistic Gun Light Assault Rifle Build | -11 -10 -10 ------- Run | Yrd Mat Sub Slots Evolved . | . . . Power . | . . . Propulsion . | . . . Utility . | . . . Weapon . | . . . Parts Attached 20 | 6 10 4 Power 4 | 1 2 1 Engine 4 | 1 2 1 Core . | . . . Reactor . | . . . Propulsion 6 | 2 2 2 Treads 2 | . . 2 Leg . | . . . Wheel 4 | 2 2 . Hover . | . . . Flight . | . . . Utility 3 | 1 2 . Device . | . . . Storage 2 | 1 1 . Processor 1 | . 1 . Hackware . | . . . Protection . | . . . Artifact . | . . . Weapon 7 | 2 4 1 Energy Gun 3 | 1 1 1 Energy Cannon 1 | . 1 . Ballistic Gun 3 | 1 2 . Ballistic Cannon . | . . . Launcher . | . . . Special Weapon . | . . . Impact Weapon . | . . . Slashing Weapon . | . . . Piercing Weapon . | . . . Special Melee Weapon . | . . . Unidentified Prototypes . | . . . Parts Lost 6 | . 1 5 Power 1 | . . 1 Propulsion 2 | . . 2 Utility . | . . . Weapon 3 | . 1 2 Highest Loss Streak 4 | . 1 4 To Critical Strikes . | . . . Average Slot Usage (%) 99 | . 99 99 Engine 14 | . 14 14 Treads 3 | . . 8 Wheel 24 | . 28 19 Storage 14 | . 14 14 Processor 13 | . 13 14 Energy Gun 13 | . 14 13 Ballistic Gun 13 | . 13 14 Naked Turns . | . . . Heaviest Build 29 | 14 29 28 Greatest Support 40 | 20 24 40 Greatest Overweight (x) 1 | . 1 1 Average Overweight (x) . | . . . Largest Inventory Capacity 15 | 8 15 15 Average Capacity 14 | 6 14 14 Most Carried 14 | 6 14 14 Average Carried 12 | 3 12 12 Final Capacity 15 | 8 15 5 Final Carried 14 | 6 14 5 Class Distribution -------------------- 100% | Mutant Dominant Class ---------------- Mutant | -10/Materials Mutant | -10/Subcaves Resources | -11 -10 -10 ----------- Run | Yrd Mat Sub Matter Collected 484 | 243 195 46 Remotely . | . . . Salvage Created 593 | . 488 105 Parts 36 | . 31 5 Haulers Intercepted 1 | . 1 . Recyclers Shooed . | . . . Parts Field Recycled . | . . . Retrieved Matter . | . . . Parts Self-Destructed 18 | . . 18 Prevented . | . . . Kills | -11 -10 -10 ------- Run | Yrd Mat Sub Combat Hostiles Destroyed 16 | . 14 2 Guns 16 | . 14 2 Classes Destroyed 5 | . 4 1 Hauler 1 | . 1 . Operator 1 | . 1 . Swarmer 6 | . 6 . Grunt 8 | . 8 . Subdweller 2 | . . 2 Best Kill Streak 3 | . 3 1 Combat Bots Only 3 | . 3 1 Max Kills in Single Turn 1 | . 1 1 Gunslinging . | . . . Exploded . | . . . Melee . | . . . Uniques/NPCs Destroyed . | . . . Combat | -11 -10 -10 -------- Run | Yrd Mat Sub Hostile Shots Fired 104 | . 79 25 Missed 26 | . 22 4 Damage Taken 1049 | . 552 497 Core 265 | . 134 131 Absorbed by Shields . | . . . Core Remaining (%) 100 | 100 . . Volleys Fired 58 | . 43 15 Largest 2 | . 2 2 Hottest 70 | . 70 70 Shots Fired 109 | . 86 23 Gun 109 | . 86 23 Cannon . | . . . Launcher . | . . . Special . | . . . Kinetic 58 | . 43 15 Thermal 51 | . 43 8 Explosive . | . . . Electromagnetic . | . . . Robot Hit Streak 23 | . 15 23 Robot Miss Streak 2 | . 2 2 Penetration Max . | . . . Secondary Targets 6 | . 6 . Max Gunslinging Chain 1 | . 1 . Shots Hit Robots 84 | . 64 20 Core Hits 34 | . 29 5 Critical Kills . | . . . Critical Parts Destroyed . | . . . Critical Strikes 5 | . 3 2 Burn 5 | . 3 2 Melee Attacks . | . . . Impact . | . . . Slashing . | . . . Piercing . | . . . Sneak Attacks . | . . . Combat Hostiles . | . . . Follow-up Attacks . | . . . Damage Inflicted 947 | . 756 191 Guns 947 | . 756 191 Cannons . | . . . Explosions . | . . . Melee . | . . . Ramming . | . . . Kinetic 427 | . 335 92 Thermal 520 | . 421 99 Explosive . | . . . Electromagnetic . | . . . Impact . | . . . Slashing . | . . . Piercing . | . . . Highest Corruption . | . . . Average Corruption . | . . . Corruption Purged . | . . . Corruption Blocked . | . . . Overload Shots . | . . . Overflow Damage . | . . . Projectiles . | . . . Explosions . | . . . Melee . | . . . Knockbacks . | . . . Impact . | . . . Kinetic . | . . . Secondary . | . . . Self-Inflicted Damage . | . . . Shots . | . . . Rammed . | . . . Targets Rammed . | . . . Kicked . | . . . Crushed . | . . . Highest Temperature 219 | . 150 219 Average Temperature 55 | . 52 84 Received Heat Transfer 544 | . 162 382 Siege Activations . | . . . Robots Corrupted . | . . . Combat Hostiles . | . . . Parts Fried . | . . . Impact Corruptions . | . . . Robots Melted . | . . . Combat Hostiles . | . . . Parts Melted 4 | . 2 2 Heat Transferred 1887 | . 1443 444 Parts Sabotaged . | . . . Parts Stolen . | . . . Parts Stripped . | . . . Power Chain Reactions . | . . . Alert | -11 -10 -10 ------- Run | Yrd Mat Sub Peak Influence 131 | . 131 . Initial . | . . . Average 56 | . 59 . Maximum Alert Level . | . . . Low Security (%) 100 | 100 100 . Level 1 . | . . . Level 2 . | . . . Level 3 . | . . . Level 4 . | . . . Level 5 . | . . . High Security . | . . . Max Security . | . . . Squads Dispatched 1 | . 1 . Investigation . | . . . Extermination . | . . . Reinforcement 1 | . 1 . Assault . | . . . Garrison . | . . . Intercept . | . . . Searches Triggered . | . . . Construction Impeded . | . . . Haulers Reinforced . | . . . Active Scanning Responses . | . . . Cargo Convoy Interrupts . | . . . Stealth | -11 -10 -10 --------- Run | Yrd Mat Sub Distress Signals . | . . . Communications Jammed . | . . . Distress Signals . | . . . Times Spotted 22 | . 18 4 Peak Tracking Total 3 | . 3 2 Tactical Retreats . | . . . Traps | -11 -10 -10 ------- Run | Yrd Mat Sub Traps Triggered . | . . . Indirectly . | . . . Trap Hack Attempts . | . . . Triggered . | . . . Disarmed . | . . . Reprogrammed . | . . . Reused . | . . . Traps Extracted . | . . . Installed . | . . . Triggered . | . . . Machines | -11 -10 -10 ---------- Run | Yrd Mat Sub Machines Disabled . | . . . Max in Single Turn . | . . . Machines Repaired . | . . . Machines Dismantled . | . . . Machines Sabotaged . | . . . Overloaded Fab Kills . | . . . Hacking | -11 -10 -10 --------- Run | Yrd Mat Sub Machines Accessed 6 | . 6 . Terminals 5 | . 5 . Fabricators . | . . . Repair Stations . | . . . Recycling Units 1 | . 1 . Scanalyzers . | . . . Garrison Access . | . . . Total Hacks 18 | . 18 . Successful 11 | . 11 . Failed 6 | . 6 . Catastrophic 1 | . 1 . Database Lockouts 1 | . 1 . Manual 8 | . 8 . Terminals 17 | . 17 . Fabricators . | . . . Repair Stations . | . . . Recycling Units 1 | . 1 . Scanalyzers . | . . . Garrison Access . | . . . Terminal Hacks 7 | . 7 . Robot Analysis 1 | . 1 . Prototype ID Bank 1 | . 1 . Emergency Access Points 1 | . 1 . Unreport Threat 1 | . 1 . Locate Traps 2 | . 2 . Hauler Manifests 1 | . 1 . Fabricator Hacks . | . . . Repair Station Hacks . | . . . Recycling Unit Hacks 1 | . 1 . Retrieve Components 1 | . 1 . Scanalyzer . | . . . Garrison Access Hacks . | . . . Unauthorized Hacks 3 | . 3 . Terminals 3 | . 3 . Botnet 3 | . 3 . Fabricators . | . . . Repair Stations . | . . . Recycling Units . | . . . Scanalyzers . | . . . Garrison Access . | . . . Data Cores Recovered 1 | . 1 . Used . | . . . Hacking Detections 4 | . 4 . Full Trace Events . | . . . Feedback Events . | . . . Feedback Blocked . | . . . Robot Schematics Acquired . | . . . Robots Built . | . . . Authchips . | . . . Time . | . . . Total Robot Build Rating . | . . . Part Schematics Acquired . | . . . Parts Built . | . . . Authchips . | . . . Time . | . . . Total Part Build Rating . | . . . Parts Repaired . | . . . Time . | . . . Parts Recycled . | . . . Recycled Matter . | . . . Retrieved Matter . | . . . Retrieved Components 5 | . 5 . Parts Scanalyzed . | . . . Part Schematics Acquired . | . . . Parts Damaged . | . . . Bothacking | -11 -10 -10 ------------ Run | Yrd Mat Sub Used RIF Installer . | . . . Robots Hacked . | . . . Non-combat . | . . . Combat . | . . . Robot Hacks Applied . | . . . Relay Couplers Released . | . . . Fabnet Peak Effective % . | . . . Robots Rewired . | . . . Allies Hacked . | . . . Hacks Repelled . | . . . Allies | -11 -10 -10 -------- Run | Yrd Mat Sub Total Allies . | . . . Largest Group . | . . . Highest-Rated Group . | . . . Highest-Rated Ally . | . . . Total Orders . | . . . Ally Attacks . | . . . Total Damage . | . . . Kills . | . . . Allies Corrupted . | . . . Allies Melted . | . . . Intel | -11 -10 -10 ------- Run | Yrd Mat Sub Robot Analysis Total 1 | . 1 . Derelict Logs Recovered 1 | . . 1 Drone Launches . | . . . Drone Recoveries . | . . . Exploration | -11 -10 -10 ------------- Run | Yrd Mat Sub Turns Passed 1462 | 47 908 507 Spaces Moved 928 | 41 489 398 Core 1 | 1 . . Treads 86 | . . 86 Legs . | . . . Wheels 841 | 40 489 312 Hover . | . . . Flight . | . . . Fastest Speed 50 | 50 80 105 Average Speed 107 | 79 101 116 Slowest Speed 160 | 80 105 160 Overloaded Moves . | . . . Propulsion Burnouts . | . . . Robots Hopped . | . . . Cave-ins Triggered . | . . . Exploration Rate (%) 34 | 3 77 24 Regions Visited 2 Branch Regions 1 Pre-discovered Areas 1 | . . 1 Known Exits Taken . | . . . Unknown Exits Taken 2 | 1 1 . Scrap Searched . | . . . Spaces Dug . | . . . Terrain Destroyed . | . . . Melee . | . . . Projectile . | . . . AOE . | . . . Terrain Rammed . | . . . Walls Destroyed . | . . . Machines Disabled . | . . . Actions | -11 -10 -10 --------- Run | Yrd Mat Sub Total 1296 | 52 822 422 Wait 263 | . 262 1 Move 926 | 40 488 398 Hop . | . . . Pick Up 17 | 6 11 . Fast Attach 7 | 6 1 . Attach 5 | . 1 4 Detach 2 | . . 2 Swap 8 | . 8 . Drop 10 | . 8 2 Fire 58 | . 43 15 Melee . | . . . Ram . | . . . Kick . | . . . Crush . | . . . Escape Stasis . | . . . Rewire . | . . . Trap . | . . . Miscellaneous . | . . . Route ------- -11/Scrapyard -10/Materials (discovered 5 exits: [*Mat x2] / [*Min x2] / [*Sub]) -10/Subcaves (discovered 1 exit: Rec) History --------- Turn | Location | Event 12 | -11/Scrapyard | Discovered new exit (range 15) 48 | -11/Scrapyard | Entered Materials 187 | -10/Materials | Discovered new exit (range 15) 295 | -10/Materials | Central database locked down 306 | -10/Materials | Discovered new exit (range 10) 322 | -10/Materials | Build established: Mutant 378 | -10/Materials | Discovered new exit (range 6) 510 | -10/Materials | Discovered new exit (range 16) 735 | -10/Materials | Core integrity fell below 50% 936 | -10/Materials | Discovered new exit (range 7) 956 | -10/Materials | Entered Subcaves 988 | -10/Subcaves | Learned location of Zion (-6) 988 | -10/Subcaves | Met a Zionite searching for "candidates" 994 | -10/Subcaves | Identified exit to Recycling 1318 | -10/Subcaves | Core integrity fell below 20% 1344 | -10/Subcaves | Lost 4 parts (1p2n1w) 1463 | -10/Subcaves | Destroyed by YG-S8E(R) with Subdweller Machine Gun Last Messages --------------- 00994_ Acquired derelict log, extracted data. Loading 1 Recycling entrance... 01189_ BL-4CC(R) suffers critical hit (Burn). 01192_ Sub. Optics melted. 01192_ Sub. Laser melted. 01192_ BL-4CC(R) destroyed. 01197_ Acquired 4 matter. 01212_ Subatomizers dissect the Sub. Monowheel. 01303_ IB-0L0(R) suffers critical hit (Burn). 01303_ Ion Engine destroyed. 01303_ Arm. Wheel destroyed. 01304_ IB-0L0(R) heat spikes uncontrollably. 01305_ Arm. Wheel destroyed. 01313_ Med. Laser destroyed. 01313_ Critical hit (Meltdown: +250). 01321_ IB-0L0(R) destroyed. 01343_ Acquired 42 matter. 01442_ Med. Laser destroyed. 01461_ Dropped Lrg. Storage Unit. 01462_ Dropped Lgt. Assault Rifle. Map ----- +----------------------------------------------------+ | ???????????# #???????????????????????? | | ???????????# #???????????????????????? | | ???????????#####" ##???????????????????????? | | ???????????????## #????????????????????????? | | ????????????????# #????????????????????????? | | ???????????????## ## #??????? ????????????????? | | ??????????????## ########### #???????????????? | | ??????????????# #### # #??????????????? | | ??????????????# # #??????????????? | | ??????????????## #??????????????? | | ???????????????## ## #????????????????????? | | ???????????????## ##? ##????????????????????? | | ???????????????# #?# #?????????????????????? | | ???????????????# #### #?????##??????????????? | | ???????????????# ###??? #??????????????? | | ??????????????## #### ##?????????????? | | ??????????????# # ##????????????? | | ??????????????# #????????????? | | ??????????????## ### #????????????? | | ???????????????###?## ### #?????????????? | | ??????????????## ### #??? ###????????????? | | ??????????????# ##?? #????????????? | | ??????????????# #?## ??????????????? | | ??????????????## ## #????????????????? | | ???????????????#### =[= #?????????????????? | | ??????????????????## [!@[ #?????????????????? | | ???????????????????# =]! #?????????????????? | | ???????????????????## ## #?????????????????? | | ????????????????????##?# ##????????????????? | | ???????????????????????# #????????????????? | | ??????????????????????## ##????????????????? | | ???????????????????####RR #?????????????????? | | ??????????????????## ##????????????????? | | ??????????????????# #????????????????? | | ??????????????????# #####????????????????? | | ??????????????????# #####????????????????????? | | ??????????????????## ###??????????????????????? | | ???????????????##### %##?????????????????????? | | ???????????????# #?????????????????????? | | ???????????????# ##?????????????????????? | | ??????????????## #??????????????????????? | | ??????????????# #??????????????????????? | | ??????????????# #??????????????????????? | | ??????????????# ###??????????????????????? | | ??????????????## #????????????????????????? | | ???????????????## ??????????????????????? | | ????????????????# ???????????????????? | | ????????????????## ## ?????????????????? | | ?????????????????# #?# ???????????????? | | ?????????????????# #?? ???????????????? | +----------------------------------------------------+ Best States ------------- Heat Dissipation 25 Energy Generation 10 Energy Capacity 250 Matter Stores 300 Matter Capacity 300 Sight Range 16 Terrain Scan Density 10 Evasion (%) 44 Targeting Accuracy 6 Recoil Reduction 2 Item Schematics ----------------- None Robot Schematics ------------------ None Fabricated ------------ Nothing Alien Tech Used ----------------- None Achievements -------------- None Challenges ------------ None Game ------ Seed OpticalShadeTerrabomb Manual? 0 Play Time 00:11:50 Cumulative 162.3 hours Start 2024.04.13 @ 13:35:10 End 2024.04.13 @ 13:46:30 Sessions 1 Manual Loads 0 Difficulty Rogue Special Mode None Game No. 37 Rogue 17 Adventurer 20 Explorer 0 Win Type - Total 12 Types 7/2/3/0/0/0/0/0/0 Lore% 71 Gallery% 75 Achievement% 66 Wizard Run 0 Options --------- Layout 1 ASCII 0 Keyboard 1 Movement Numpad Keybinds 0 Fullscreen 1 Font 32/Smallcaps Map View 50x35 Zoom Use 0% Tactical HUD 1 Map Filters NONE Filters NONE Steam 1 RUN: 9673f248-60e8-4647-b166-781485fd662e